 Dungeon Crawl Stone Soup version 0.25-a0-73-g9796ba8d15 (webtiles) character file.

Game seed: 7919022714878045777, levelgen mode: deterministic

432 MrRokkomies the Ruffian (level 7, -2/64 HPs)
             Began as a Ghoul Monk on Nov 5, 2019.
             Was a Believer of Wu Jian.
             Slain by a gnoll
             ... wielding a +0 spear
              (3 damage)
             ... on level 5 of the Dungeon.
             The game lasted 00:10:38 (3553 turns).

MrRokkomies the Ruffian (Ghoul Monk)                Turns: 3553, Time: 00:10:40

Health: -2/64      AC:  8    Str: 17    XL:     7   Next: 0%
Magic:  6/6        EV: 13    Int:  5    God:    Wu Jian [**....]
Gold:   167        SH:  0    Dex: 16    Spells: 6/6 levels left

rFire    . . .     SeeInvis +     - Unarmed
rCold    + . .     Gourm    .   (no shield)
rNeg     + + +     Faith    .   k - +0 chain mail
rPois    ∞         Spirit   .   (no helmet)
rElec    .         Reflect  .   (no cloak)
rCorr    .         Harm     .   (no gloves)
MR       .....                  (no boots)
Stlth    ..........             (no amulet)
HPRegen  0.00/turn              e - ring of see invisible
MPRegen  0.10/turn              (no ring)

@: agile, rotting
A: rotting body, claws 1, carnivore, cold resistance 1, negative energy
resistance 3, inhibited regeneration, torment resistance, unbreathing
a: Wall Jump, Renounce Religion


You were on level 5 of the Dungeon.
You worshipped Wu Jian.
Wu Jian was pleased with you.
You were not hungry.

You visited 2 branches of the dungeon, and saw 6 of its levels.

You collected 167 gold pieces.

Inventory:

Armour
 k - a +0 chain mail (worn)
Jewellery
 e - a ring of see invisible (left claw)
Scrolls
 c - 3 scrolls of teleportation
 f - 2 scrolls of fog
 g - 3 scrolls of enchant armour
 l - a scroll of magic mapping
Potions
 h - a potion of flight
 m - 2 potions of brilliance
Comestibles
 b - 9 rations


   Skills:
 * Level 6.3 Fighting
 - Level 2.6 Dodging
 - Level 2.1 Stealth
 * Level 6.3 Unarmed Combat


You had 6 spell levels left.
You didn't know any spells.
Your spell library was empty.

Dungeon Overview and Level Annotations

Branches:
Dungeon (5/15)             Temple (1/1) D:4

Altars:
Ashenzari
Cheibriados
Dithmenos
Elyvilon
Fedhas
Gozag
Hepliaklqana
Kikubaaqudgha
Makhleb
Okawaru
Qazlal
Ru
Sif Muna
Trog
Uskayaw
Vehumet
Wu Jian
Xom
Yredelemnul
Zin
The Shining One


Innate Abilities, Weirdness & Mutations

Your body is rotting away.
You thrive on raw meat.
You are immune to poison.
You have sharp fingernails.
You are carnivorous and can eat meat at any time.
Your flesh is cold resistant. (rC+)
You are immune to negative energy. (rN+++)
You do not regenerate when monsters are visible.
You are immune to unholy pain and torment.
You can survive without breathing.


Message History

The gnoll shaman calls upon its god to speed up the gnoll.
The gnoll seems to speed up.
The shadow imp hits you.
* * * LOW HITPOINT WARNING * * *
The gnoll barely misses you. The gnoll hits you with a +0 spear.
* * * LOW HITPOINT WARNING * * *
It was a potion of agility.
You feel agile all of a sudden.
The gnoll shaman calls upon its god to speed up the gnoll.
The gnoll seems to speed up.
The gnoll completely misses you.
The shadow imp hits you but does no damage.
The gnoll hits you.
* * * LOW HITPOINT WARNING * * *
You spin and attack the gnoll.
You claw the gnoll!
The gnoll is heavily wounded.
The gnoll closely misses you.
The gnoll shaman mumbles some strange prayers to its god.
The gnoll shaman is healed somewhat.
The gnoll hits you.
* * * LOW HITPOINT WARNING * * *
The gnoll hits you from afar with a +0 spear.
You die...

##....# ## #.....## .##
#......# ..# #........ ##
..# ##..###.... .#.###
#.# ##..###.....
......##.# ##..>##..###.
.........####...##..## #.
.......5@..##....^.## ##.
........g....#....## ##..
.......gg.........# ##..#
..................###..##
......................##
.?....................#
......................###
!.......................#
.......).................


You could see a gnoll shaman, 2 gnolls and a shadow imp.

Vanquished Creatures
  An ogre (D:5)
  A scorpion (D:4)
  A hound (D:4)
  3 orc wizards (D:4)
  An orc priest (D:3)
  A worker ant (D:4)
  2 gnolls (D:5)
  4 adders
  2 worms
  A dart slug (D:1)
  5 leopard geckos
  9 orcs
  10 bats
  2 giant cockroaches (D:1)
  4 goblins
  3 hobgoblins
  4 jackals (D:1)
  A quokka (D:4)
  2 ball pythons
  A frilled lizard (D:3)
  3 kobolds
  7 rats
68 creatures vanquished.

Notes
Turn   | Place    | Note
-------+----------+-------------------------------------------
     0 | D:1      | MrRokkomies the Ghoul Monk began the quest for the Orb.
     0 | D:1      | Reached XP level 1. HP: 19/19 MP: 0/0
   250 | D:1      | Reached XP level 2. HP: 26/26 MP: 1/1
   389 | D:1      | You fall into a shaft and drop 1 floor!
   733 | D:2      | Reached XP level 3. HP: 29/33 MP: 2/2
  1517 | D:2      | Reached XP level 4. HP: 40/41 MP: 3/3
  2007 | D:3      | Reached XP level 5. HP: 26/47 MP: 4/4
  2426 | D:4      | Reached skill level 5 in Fighting
  2426 | D:4      | Reached skill level 5 in Unarmed Combat
  2514 | D:4      | Found a staircase to the Ecumenical Temple.
  2525 | D:4      | Reached XP level 6. HP: 10/55 MP: 5/5
  2541 | Temple   | Entered the Ecumenical Temple
  2933 | Temple   | Became a worshipper of the Wu Jian Council
  2933 | Temple   | Reached * piety under Wu Jian
  2933 | Temple   | Reached ** piety under Wu Jian
  3341 | D:5      | Entered Level 5 of the Dungeon
  3542 | D:5      | Reached XP level 7. HP: 32/64 MP: 6/6
  3552 | D:5      | HP: 2/64 [gnoll (2)]
  3553 | D:5      | Slain by a gnoll

Levels and vault maps discovered:
D:1:      minmay_arrival_split_and_join, layout_loops_corners
D:2:      layout_loops_ring, first_ration
D:3:      layout_rooms
D:4:      layout_cave_pools, lemuel_temple_firewalk_b
D:5:      layout_layer_cave, nemelex_xobeh_ov_fountains_minmay
Temple:   nicolae_temple_the_god_donut

Skill      XL: |  1  2  3  4  5  6 |
---------------+-------------------+-----
Fighting       | 4 5 6 |  6.3
Unarmed Combat | 4 5 6 |  6.3
Dodging        | |  2.6
Stealth        | |  2.1

Action                   |  1- 3 |  4- 6 |  7- 9 || total
-------------------------+-------+-------+-------++-------
Melee: Unarmed           |   116 |   153 |     5 ||   274
Invok: Lunge             |       |     4 |       ||     4
       Whirlwind         |       |     1 |     1 ||     2
 Abil: Wall Jump         |       |     1 |     1 ||     2
  Use: Scroll            |     4 |    10 |       ||    14
       Potion            |       |       |     3 ||     3
 Stab: Sleeping          |     2 |       |       ||     2
  Eat: Chunk             |     4 |    21 |     3 ||    28
Armor: Robe              |    31 |    22 |       ||    53
       Chain mail        |       |     9 |    14 ||    23
Dodge: Dodged            |    86 |    84 |    14 ||   184

Table legend:
 A = Non-vault XP
 B = Vault XP
 C = Vault XP percentage of total XP
 D = Non-vault monster count
 E = Vault monster count
 F = Vault count percentage of total count
                 A         B        C        D         E       F
            +---------+---------+-------+---------+---------+-------
      Total |     618 |       0 |   0.0 |      68 |       0 |   0.0
            +---------+---------+-------+---------+---------+-------
        D:1 |      37 |       0 |   0.0 |      21 |       0 |   0.0
        D:2 |      47 |       0 |   0.0 |      13 |       0 |   0.0
        D:3 |      93 |       0 |   0.0 |      15 |       0 |   0.0
        D:4 |     288 |       0 |   0.0 |      15 |       0 |   0.0
        D:5 |     153 |       0 |   0.0 |       4 |       0 |   0.0
            +---------+---------+-------+---------+---------+-------
